 Dungeon Crawl Stone Soup version 0.18-a0-23-g19353e1 (webtiles) character file.

20 Ijustatesigmund the Sneak (level 2, 0/22 HPs)
             Began as a Naga Wizard on Nov 2, 2015.
             Slain by a worm (11 damage)
             ... on level 2 of the Dungeon.
             The game lasted 00:03:17 (1046 turns).

Ijustatesigmund the Sneak (Naga Wizard)             Turns: 1046, Time: 00:03:18

Health: 0/22       AC:  1    Str:  9    XL:     2   Next: 79%
Magic:  1/6        EV:  9    Int: 18    God:
Gold:   19         SH:  0    Dex:  9    Spells: 3 memorised, 2 levels left

rFire  . . .     SeeInvis +     g - +0 dagger
rCold  . . .     Clarity  .     a - +0 robe
rNeg   . . .     SustAt   .     (no shield)
rPois  +         Gourm    .     b - +0 hat
rElec  .         Spirit   .     (no cloak)
rCorr  .         Warding  .     (no gloves)
rMut   .         Stasis   .     (no barding)
MR     .....                    (no amulet)
Stlth  +++.......               (no ring)
                                (no ring)

@: very slow, not resistant to hostile enchantments, fairly stealthy
A: see invisible, deformed body, poison resistance, slowness 2, slow metabolism
1, spit poison 2, AC +0
a: Spit Poison


You were on level 2 of the Dungeon.
You were not hungry.

You visited 1 branch of the dungeon, and saw 2 of its levels.

You collected 19 gold pieces.

Inventory:

Hand Weapons
 g - a +0 dagger (weapon)
Missiles
 e - 4 javelins (quivered)
Armour
 a - a +0 robe (worn)
 b - a +0 hat (worn)
Potions
 k - a potion of curing
Books
 c - a book of Minor Magic

   Spells                             Type                      Level
   a - Magic Dart                     Conjuration                  1
   b - Blink                          Translocation                2
   c - Call Imp                       Summoning                    2
   d - Repel Missiles                 Charms/Air                   2
   e - Slow                           Hexes                        2
   f - Conjure Flame                  Conjuration/Fire             3
   g - Mephitic Cloud                 Conjuration/Poison/Air       3
Comestibles
 d - a bread ration


   Skills:
 - Level 1.5 Dodging
 + Level 4.2 Stealth
 - Level 3.0 Spellcasting
 + Level 1.9 Conjurations
   Level 1.0 Summonings
 - Level 1.0 Translocations


You had 2 spell levels left.
You knew the following spells:

 Your Spells              Type           Power        Failure   Level  Hunger
a - Magic Dart            Conj           #...         10%         1    None
b - Blink                 Tloc           N/A          17%         2    ##.....
c - Repel Missiles        Chrm/Air       #.....       28%         2    ##.....


Dungeon Overview and Level Annotations

Branches:
Dungeon (2/15)

Altars:
The Shining One


Innate Abilities, Weirdness & Mutations

You cannot wear boots.
Your serpentine skin is tough (AC +0).
You have supernaturally acute eyesight.
Armour fits poorly on your strangely shaped body.
Your system is resistant to poisons.
You cover ground very slowly.
You have a slow metabolism.
You can spit poison.


Message History

Aiming: Magic Dart
Press: ? - help, Shift-Dir - straight line, f/p - worm
Aim: a worm (lightly wounded)
The magic dart hits the worm.
The worm is moderately wounded.
Throwing (i - inventory):
e - 5 javelins (quivered)
Press: ? - help, Shift-Dir - straight line, f/p - worm
Aim: a worm (moderately wounded)
You throw a javelin. The javelin hits the worm.
The worm is moderately wounded.
You barely miss the worm.
The worm is moderately wounded.
The worm bites you.
You hit the worm.
The worm is moderately wounded.
You hit the worm.
The worm is moderately wounded.
The worm bites you!
Ouch! That really hurt!
You die...

#.#### #.# #
...####.## #
.........# #
#######..# # #..###
##+## #..).. ##...##
##.### ##..@..## ##
#.# ##...w...##
##.##.#
#....(....####.$.#(###
+.........+.....$.....
#$........####...#.###
##.......## ##.##.#
##.....## ## #.#
##.†.## #.# ##'## #.#


You could see a worm.

Vanquished Creatures
  2 giant geckos
  A ball python (D:1)
  2 giant cockroaches (D:1)
  6 bats (D:1)
  2 giant newts
  5 goblins
  2 kobolds
20 creatures vanquished.

Notes
Turn   | Place    | Note
--------------------------------------------------------------
     0 | D:1      | Ijustatesigmund the Naga Wizard began the quest for the Orb.
     0 | D:1      | Reached XP level 1. HP: 15/15 MP: 4/4
   298 | D:1      | Reached XP level 2. HP: 22/22 MP: 1/6
   302 | D:1      | Learned a level 2 spell: Blink
   305 | D:1      | Learned a level 2 spell: Repel Missiles
   687 | D:1      | Found a glowing golden altar of the Shining One.
   872 | D:1      | Reached skill level 4 in Stealth
  1046 | D:2      | Slain by a worm

Vault maps used:
D:1:      ncdulo_lavacross, tso_metal_star
D:2:      first_bread, ecumenical_altar_2

Action                   || total
-------------------------++-------
Melee: Unarmed           ||     1
       Dagger            ||    15
Throw: Javelin           ||     4
 Cast: Magic Dart        ||    55
       Repel Missiles    ||     1
  Use: Scroll            ||     5
 Stab: Sleeping          ||     3
